 Dungeon Crawl Stone Soup version 0.26.1-11-gd32895ea62 (webtiles) character file.

Game seed: 14318524497885644207

94 Zeld the Changer (level 4, 0/29 HPs)
             Began as an Octopode Transmuter on May 27, 2021.
             Slain by an adder (4 damage)
             ... on level 3 of the Dungeon.
             The game lasted 00:02:11 (3504 turns).

Zeld the Changer (Octopode Transmuter)              Turns: 3504, Time: 00:02:12

Health: 0/29       AC:  1    Str: 10    XL:     4   Next: 63%
Magic:  5/8        EV: 14    Int: 15    God:
Gold:   100        SH:  0    Dex: 12    Spells: 2/8 levels left

rFire    . . .     SeeInvis .     - Unarmed
rCold    . . .     Faith    .   (no shield)
rNeg     . . .     Spirit   .   (helmet currently unavailable)
rPois    .         Reflect  .   (no amulet)
rElec    .         Harm     .   (no ring)
rCorr    .         Rampage  .   (no ring)
Will     .....                  (no ring)
Stlth    ++........             (no ring)
HPRegen  0.09/turn              (no ring)
MPRegen  0.11/turn              (no ring)
                                (no ring)
                                (no ring)

@: lethally poisoned (0 -> -4), appendages, wereblooded
A: almost no armour, stealthy swim, amphibious, 8 rings, constrict 8, tentacle
spike 3, camouflage 1, gelatinous body 1
a: End Transformation


You were on level 3 of the Dungeon.
One of your tentacles had a temporary spike.
You visited 1 branch of the dungeon, and saw 3 of its levels.

You collected 100 gold pieces.

Inventory:

Scrolls
 a - 2 scrolls of amnesia {unknown}
 b - 3 scrolls of random uselessness {unknown}
 c - a scroll of magic mapping {unknown}
 d - 3 scrolls of identify {unknown}
 e - a scroll of enchant armour {unknown}
 g - 2 scrolls of remove curse {unknown}
 j - 2 scrolls of immolation {unknown}
 l - a scroll of fog {unknown}
 m - a scroll of teleportation {unknown}
Potions
 f - a potion of lignification {unknown}
 h - a potion of flight {unknown}
 i - a potion of berserk rage {unknown}
 k - 2 potions of brilliance {unknown}
 n - 2 potions of curing {unknown}


   Skills:
 + Level 1.8 Fighting
 + Level 2.6 Dodging
 - Level 3.0 Unarmed Combat
 * Level 2.9 Spellcasting
 * Level 3.1 Transmutations


You had 2 spell levels left.
You knew the following spells:

 Your Spells              Type           Power        Failure   Level
a - Beastly Appendage     Tmut           22%          5%          1
b - Wereblood             Tmut           11%          9%          2
c - Spider Form           Tmut/Pois      3%           32%         3

Your spell library contained the following spells:

 Spells                   Type           Power        Failure   Level
 Ice Form                 Ice/Tmut       6%           71%         4
 Blade Hands              Tmut           5%           83%         5


Dungeon Overview and Level Annotations

Branches:
Dungeon (3/15)

Altars:
Cheibriados
Kikubaaqudgha
Okawaru
Sif Muna
Vehumet
Wu Jian
Yredelemnul


Innate Abilities, Weirdness & Mutations

You cannot wear most types of armour.
You are very stealthy in the water. (Stealth+)
You are amphibious.
You can wear up to eight rings at the same time.
You can use your tentacles to constrict eight enemies at once.
Your skin changes colour to match your surroundings (Stealth+).
Your rubbery body absorbs attacks. (AC +1, EV +1)
One of your tentacles bears a large vicious spike.


Message History

Casting: Wereblood (safe; 9% risk of failure)
Confirm with . or Enter, or press ? or * to list all spells.
One of your tentacles grows a vicious spike.
The hobgoblin closely misses you. The hobgoblin barely misses you.
You barely miss the hobgoblin. You grab the hobgoblin.
You pierce the hobgoblin.
You squeeze the hobgoblin.
The hobgoblin is almost dead.
You constrict the hobgoblin.
You kill the hobgoblin!
The adder bites you.
* * * LOW HITPOINT WARNING * * *
You are lethally poisoned!
The adder poisons you!
You tentacle-slap the adder. Your grab misses the adder.
Your tentacle spike misses the adder.
The adder is heavily wounded.
* * * LOW HITPOINT WARNING * * *
You feel sick. The adder bites you.
You die...

#.......... ..
#...####.##.#.
#..[...#......
..#...........#.
.................
...#...#).#.####
#..........#..#
#......###....#
#....#.#@#.#..##
......#S#.....#
.#....gSr..#.#
.....##w##.....#
.### #... .###...
...$. .. #.
#.#.).#.##
..$##.##.. .#.
... ..


You could see a worm, 2 adders and a hobgoblin.

Vanquished Creatures
  3 adders
  2 worms (D:2)
  2 dart slugs (D:1)
  3 leopard geckos
  2 orcs (D:3)
  4 giant cockroaches
  4 goblins
  7 hobgoblins
  2 jackals (D:1)
  A quokka (D:2)
  A ball python (D:2)
  7 bats
  6 frilled lizards
  4 kobolds
  4 rats
52 creatures vanquished.

Notes
Turn   | Place    | Note
-------+----------+-------------------------------------------
     0 | D:1      | Zeld the Octopode Transmuter began the quest for the Orb.
     0 | D:1      | Reached XP level 1. HP: 13/13 MP: 3/3
   112 | D:1      | Reached XP level 2. HP: 18/18 MP: 3/5
   174 | D:1      | Learned a level 2 spell: Wereblood
  1090 | D:1      | Reached XP level 3. HP: 19/23 MP: 6/6
  1095 | D:1      | Learned a level 3 spell: Spider Form
  1620 | D:2      | Found a snail-covered altar of Cheibriados.
  1771 | D:2      | Found an iron altar of Okawaru.
  1816 | D:2      | Found an ornate altar of the Wu Jian Council.
  1819 | D:2      | Found a basalt altar of Yredelemnul.
  1824 | D:2      | Found an ancient bone altar of Kikubaaqudgha.
  1824 | D:2      | Found a radiant altar of Vehumet.
  1897 | D:2      | Found a shimmering blue altar of Sif Muna.
  2069 | D:2      | Reached XP level 4. HP: 10/28 MP: 8/8
  3504 | D:3      | Slain by an adder

Illustrated notes

Levels and vault maps discovered:
D:1:      wheals_arrival_linesprint, layout_basic
D:2:      layout_loops_ring, grunt_temple_overflow_open,
          lemuel_coloured_pillars_altar, cheibriados_altar_1,
          kennysheep_decorative_pillar, minivault_14
D:3:      layout_basic, minmay_fractal_squares_5, uniq_crazy_yiuf_cottage

Skill      XL: |  1  2  3  4 |
---------------+-------------+-----
Transmutations | 3 |  3.1
Fighting       | |  1.8
Dodging        | |  2.6
Unarmed Combat | |  3.0
Spellcasting   | |  2.9

Action                   |  1- 3 |  4- 6 || total
-------------------------+-------+-------++-------
Melee: Unarmed           |    89 |    36 ||   125
       Constrict         |    33 |     9 ||    42
       Kick              |    18 |     9 ||    27
       Tentacles         |    17 |     5 ||    22
       Punch             |     3 |     1 ||     4
 Cast: Beastly Appendage |    23 |    16 ||    39
       Wereblood         |       |     1 ||     1
 Stab: Sleeping          |     1 |     4 ||     5
Armor: Skin              |     8 |     3 ||    11
Dodge: Dodged            |    78 |    26 ||   104
